 Dungeon Crawl Stone Soup version 0.32-a0-422-g28b100f618 (webtiles) character file.

Game seed: 7714254739185282231

34 Bravepunisher the Ducker (level 3, -6/19 HPs)
             Began as a Spriggan Monk on Feb 21, 2024.
             Mangled by an ogre
             ... wielding a +0 giant spiked club
              (18 damage)
             ... on level 4 of the Dungeon.
             The game lasted 00:01:14 (231 turns).

Bravepunisher the Ducker (Spriggan Monk)             Turns: 231, Time: 00:01:15

Health: -6/19      AC:  2    Str:  7    XL:     3   Next: 14%
Magic:  4/4        EV: 20    Int: 11    God:
Gold:   0          SH:  0    Dex: 19    Spells: 2/2 levels left

rFire   . . .        a - +0 short sword
rCold   . . .        (no shield)
rNeg    . . .        b - +0 robe
rPois   .            (helmet restricted)
rElec   .            (no cloak)
rCorr   .            (gloves unavailable)
SInv    +            (boots unavailable)
Will    .....        (no amulet)
Stlth   ++           (no ring)
HPRegen 0.23/turn    (no ring)
MPRegen 0.09/turn

%: no passive effects
@: very quick
A: very small, no large weapons, unfitting armour, see invisible, speed 3
a: no special abilities


You were on level 4 of the Dungeon.
You visited 1 branch of the dungeon, and saw 5 of its levels.

Inventory:

Hand Weapons
 a - a +0 short sword (weapon)
Armour
 b - a +0 robe (worn)
Potions
 c - a potion of ambrosia


   Skills:
 + Level 2.8 Fighting
 - Level 3.2 Short Blades
 * Level 5.2 Dodging


You had 2 spell levels left.
You didn't know any spells.
Your spell library was empty.

Dungeon Overview and Level Annotations

Branches:
Dungeon (5/15)
 Temple: D:4-7

Altars:


Innate Abilities, Weirdness & Mutations

You are very small and have problems with some larger weapons.
You are too small for most types of armour.
You have supernaturally acute eyesight. (SInv)
You cover ground extremely quickly. (Speed+++)


Message History

The jackal is lightly wounded.
The jackal misses you.
You hit the jackal.
The jackal is moderately wounded.
The jackal closely misses you. x2
You hit the jackal.
The jackal is severely wounded.
The jackal closely misses you.
You barely miss the jackal.
The jackal is severely wounded.
The jackal bites you.
You hit the jackal but do no damage.
The jackal is heavily wounded.
The jackal misses you.
You closely miss the jackal.
The jackal is heavily wounded.
The jackal misses you. The jackal closely misses you.
You barely miss the jackal.
The jackal is moderately wounded.
The jackal closely misses you.
You closely miss the jackal.
The jackal is moderately wounded.
The jackal completely misses you.
You hit the jackal.
You kill the jackal!
You hit the ogre but do no damage. The ogre misses you.
You barely miss the ogre. You hit the ogre.
The ogre is moderately wounded.
The ogre completely misses you.
You hit the ogre.
The ogre is moderately wounded.
The ogre completely misses you.
You hit the ogre.
The ogre is heavily wounded.
You hit the ogre.
The ogre is severely wounded.
The ogre hits you with a +0 giant spiked club!!
Ouch! That really hurt!
You die...

##..........
##..#........
##..####......
##..## ##.....
##Kw## ######
##gl## #Sh##
##O## #@## ###


You could see an ogre, an iguana, an adder, a dart slug, a jackal, a goblin and
a kobold.

Vanquished Creatures
  A hound (D:4)
  2 jackals
  A bat (D:2)
4 creatures vanquished.

Notes
Turn   | Place    | Note
-------+----------+-------------------------------------------
     0 | D:1      | Bravepunisher the Spriggan Monk began the quest for the
                  | Orb.
     0 | D:1      | Reached XP level 1. HP: 11/11 MP: 2/2
    33 | D:1      | You fall into a shaft and drop 1 floor!
   132 | D:4      | Noticed an ogre
   147 | D:5      | Entered Level 5 of the Dungeon
   159 | D:5      | Noticed an iguana
   185 | D:4      | Noticed an iguana
   189 | D:4      | Noticed a hound
   216 | D:4      | Killed a hound
   217 | D:4      | Reached skill level 5 in Dodging
   217 | D:4      | Reached XP level 2. HP: 9/16 MP: 3/3
   217 | D:4      | Reached XP level 3. HP: 10/19 MP: 4/4
   231 | D:4      | Mangled by an ogre

Illustrated notes

Levels and vault maps discovered:
D:1:      sevenhm_arrival_forest_fort_large_4, layout_loops_cross,
          minmay_bisected
D:2:      layout_basic, serial_shops, nicolae_diamond_shop,
          dreamdust_ecumenical_altar_angels_and_demons, basic_altar
D:3:      layout_rooms, dk_noncrumbling_3
D:4:      layout_cave_pods, xom_butterflies
D:5:      layout_basic, serial_shops, nicolae_take_the_stairs

Skill      XL: |  1 |
---------------+----+-----
Dodging        | 5 |  5.2
Fighting       | |  2.8
Short Blades   | |  3.2

Action                     || total
---------------------------++-------
  Melee: Short sword       ||    40
 Armour: Robe              ||    19
  Dodge: Dodged            ||    59

Table legend: (Time is in decaauts)
 A = Elapsed time spent in this place.
 B = Non-inter-level travel time spent in this place.
 C = Inter-level travel time spent in this place.
 D = Time resting spent in this place.
 E = Time spent auto-exploring this place.
 F = Levels seen in this place.
 G = Mean time per level.
                   A        B        C        D        E       F      G
               +--------+--------+--------+--------+--------+-----+--------+
         Total |    156 |    156 |      0 |      0 |     20 |   5 |   31.2 |
       Dungeon |    156 |    156 |      0 |      0 |     20 |   5 |   31.2 |
               +--------+--------+--------+--------+--------+-----+--------+

Top non-repeatable levels by time:
     D:4: 55 daAuts
     D:2: 39 daAuts
     D:1: 23 daAuts
     D:3: 22 daAuts
     D:5: 15 daAuts
